 Dungeon Crawl Stone Soup version 0.32-a0-673-g3729bd50f8 (webtiles) character file.

Game seed: 5330586044574904699

1314 ytrimaz the Ducker (level 8, 0/50 HPs)
             Began as a Djinni Fire Elementalist on Mar 10, 2024.
             Was an Initiate of Ashenzari.
             Slain by Pikel
             ... wielding a +2 whip of freezing
              (8 damage)
             ... on level 6 of the Dungeon.
             The game lasted 00:09:22 (5137 turns).

ytrimaz the Ducker (Djinni Fire Elementalist)       Turns: 5137, Time: 00:09:22

Health: 0/50       AC:  5    Str:  7    XL:     8   Next: 89%
Gold:   282        EV: 15    Int: 20    God:    Ashenzari [......] SH:  0 Dex: 13

rFire   + + .        o - +10 morningstar "Eos" {elec, Halo rElec}
rCold   x . .        (no shield)
rNeg    . . .        a - +0 robe
rPois   ∞            d - +0 helmet
rElec   +            p - +0 cloak
rCorr   .            j - +0 pair of gloves
SInv    .            (boots unavailable)
Will    .....        (no amulet)
Stlth   +            (no ring)
HPRegen 0.28/turn    (no ring)
MPRegen 0.00/turn

%: infuse magic (-1 HP)
@: flying, glowing
A: sickness immunity, fire resistance 2, cold vulnerability 1, float, innate
caster, HP casting, extra vitality 1
a: Renounce Religion, Curse Item


You were on level 6 of the Dungeon.
You worshipped Ashenzari.
Ashenzari was noncommittal.
You visited 2 branches of the dungeon, and saw 7 of its levels.
You also visited: Sewer.

You collected 282 gold pieces.


Innate Abilities, Weirdness & Mutations

You are immune to sickness and miasma.
You are immune to poison.
Your flesh is very heat resistant. (rF++)
You are vulnerable to cold. (rC-)
You float through the air rather than walking.
You learn spells naturally, not from books.
Your magical power is your life essence.
You have superior vitality. (+4 MHP)


   Skills:
 + Level 7.7 Dodging
 - Level 3.6 Stealth
 + Level 6.0 Spellcasting
 + Level 6.0 Conjurations
 + Level 6.0 Hexes
 + Level 6.0 Summonings
 + Level 6.0 Necromancy
 + Level 6.0 Translocations
 + Level 6.0 Fire Magic
 + Level 6.0 Ice Magic
 + Level 6.0 Air Magic
 + Level 6.0 Earth Magic
 + Level 6.0 Alchemy


You knew the following spells:

 Your Spells              Type           Power      Damage    Failure   Level
a - Foxfire               Conj/Fire      100%       2x1d9     1%          1
b - Scorch                Fire           60%        2d7       1%          2
c - Volatile Blastmotes   Fire/Tloc      60%        2d15      2%          3
d - Necrotise             Necr           100%       1d9       1%          1
e - Flame Wave            Conj/Fire      30%        2d9       9%          4
f - Inner Flame           Hex/Fire       30%        N/A       2%          3
g - Lesser Beckoning      Tloc           60%        N/A       1%          2
h - Teleport Other        Tloc           30%        N/A       2%          3
Your spell library was empty.

Inventory:

Hand Weapons
 c - a +1 dagger of venom
   (You took it off a goblin on level 3 of the Dungeon)
 o - the +10 morningstar "Eos" (weapon) {elec, Halo rElec}
   (You found it on level 5 of the Dungeon)

   Halo:      It grants its wielder a halo, revealing invisible creatures and
   increasing accuracy against all within it other than the wielder.
   rElec:     It insulates you from electricity.
Armour
 a - a +0 robe (worn)
 d - a +0 helmet (worn)
   (You found it on level 3 of the Dungeon)
 j - a +0 pair of gloves (worn)
   (You found it on level 2 of the Dungeon)
 p - a +0 cloak (worn)
   (You took it off Crazy Yiuf on level 5 of the Dungeon)
Magical Staves
 n - a staff of earth
   (You found it on level 5 of the Dungeon)
Wands
 g - a wand of mindburst (20)
   (You found it on level 3 of the Dungeon)
Scrolls
 b - 2 scrolls of fog
 f - 4 scrolls of teleportation
 i - 3 scrolls of butterflies
 l - 5 scrolls of fear
Potions
 e - a potion of lignification
 h - a potion of berserk rage
 k - a potion of ambrosia {unknown}
 m - 3 potions of enlightenment

Dungeon Overview and Level Annotations

Branches:
Dungeon (6/15) Zot: 26812  Temple (1/1) D:4 Zot: 5940   Sewer (visited)

Altars:
Ashenzari
Dithmenos
Elyvilon
Fedhas
Gozag
Makhleb
Nemelex Xobeh
Okawaru
Qazlal
Ru
Trog
Uskayaw
Xom
Yredelemnul
The Shining One

Shops:
D:5 [

Annotations:
D:5 3 runed translucent doors, Kaboulah's ghost, novice MDFi
D:6 Pikel

..##########..#
......#.....#..
.........).>.#.
..............)
...............
..............#
........K.<...#
.......@......#
...............
............:..
#.....#........
#########..####
.## .# .#


You could see Pikel (combustible).


Message History

Casting: Scorch (safe; 1% risk of failure)
Confirm with . or Enter, or press ? or * to list all spells.
You don't know that spell.
Unknown command.
Casting: Scorch (safe; 1% risk of failure)
Confirm with . or Enter, or press ? or * to list all spells.
Flames lash the lemure.
The lemure's fire resistance burns away.
Prince Ribbit hops awkwardly around.
The lemure hits you but does no damage. Pikel hits you but does no damage.
The lemure barely misses you. 😕 HP[-2]
You take 2 damage, and now have 47/50 hp.
Unknown command.
Unknown command.
Casting: Scorch (safe; 1% risk of failure)
Confirm with . or Enter, or press ? or * to list all spells.
Okay, then.
Casting: Scorch (safe; 1% risk of failure)
Confirm with . or Enter, or press ? or * to list all spells.
Casting: Flame Wave (dangerous; 11% risk of failure)
Press: ? - help, Dir - look around, f - activate A wave of flame ripples out!
The flame wave engulfs the lemure!
The flame wave engulfs Prince Ribbit!
The flame wave engulfs the lemure.
The flame wave engulfs the lemure!!
The lemure is burned terribly!
The flame wave engulfs Pikel. (Press . to intensify the flame waves.) Prince Ribbit blinks!
The lemure hits you! The lemure barely misses you. Pikel misses you.
The lemure hits you. 😮 HP[-14]
You take 14 damage, and now have 33/50 hp.
MASSIVE DAMAGE!! (PAUSE)
A wave of flame ripples out!
The flame wave engulfs the lemure.
The flame wave engulfs the lemure! x2; The lemure is burned terribly!
You kill the lemure!
That felt strangely unrewarding.
The flame wave engulfs Pikel!
You hear a bark!
You hear an angry hiss. x2
The lemure misses you. x2; Pikel barely misses you. 😮 HP[-1]
You take 1 damage, and now have 32/50 hp.
Unknown command.
A wave of flame ripples out!
The flame wave engulfs the lemure. x2
The flame wave engulfs Pikel.
The flame wave engulfs Prince Ribbit!
You kill Prince Ribbit!
You finish channelling waves of flame.
The lemure misses you. The lemure barely misses you.
Pikel hits you but does no damage.
Your Spellcasting skill increases to level 6!
Your Conjurations skill increases to level 6!
Your Hexes skill increases to level 6!
Your Summonings skill increases to level 6!
Your Necromancy skill increases to level 6!
Your Translocations skill increases to level 6!
Your Fire Magic skill increases to level 6!
Your Ice Magic skill increases to level 6!
Your Air Magic skill increases to level 6!
Your Earth Magic skill increases to level 6!
Your Alchemy skill increases to level 6! 😮 HP[-1]
You take 1 damage, and now have 31/50 hp.
Unknown command.
Casting: Flame Wave (dangerous; 9% risk of failure)
Confirm with . or Enter, or press ? or * to list all spells.
Casting: Flame Wave (dangerous; 9% risk of failure)
Press: ? - help, Dir - look around, f - activate A wave of flame ripples out!
The flame wave engulfs the lemure.
The flame wave engulfs the lemure!
The flame wave engulfs Pikel. (Press . to intensify the flame waves.)
The lemure hits you!
* * * LOW HITPOINT WARNING * * *
The lemure hits you but does no damage. Pikel completely misses you. 😨 HP[-10]
You take 10 damage, and now have 21/50 hp.
A wave of flame ripples out!
The flame wave engulfs the lemure!
You kill the lemure!
That felt strangely unrewarding.
The flame wave engulfs the lemure.
You kill the lemure!
That felt strangely unrewarding.
The flame wave engulfs Pikel.
* * * LOW HITPOINT WARNING * * *
Pikel hits you with a +2 whip of freezing.
* * * LOW HITPOINT WARNING * * *
Pikel freezes you.
* * * LOW HITPOINT WARNING * * *
A wave of flame ripples out!
The flame wave engulfs Pikel!
* * * LOW HITPOINT WARNING * * *
You finish channelling waves of flame.
Pikel hits you with a +2 whip of freezing.
* * * LOW HITPOINT WARNING * * *
Pikel freezes you.
* * * LOW HITPOINT WARNING * * *
😱 HP[-11]
You take 11 damage, and now have 10/50 hp.
MASSIVE DAMAGE!! (PAUSE) Unknown command.
Casting: Flame Wave (dangerous; 9% risk of failure)
Confirm with . or Enter, or press ? or * to list all spells.
Flames lash Pikel.
Pikel's fire resistance burns away.
* * * LOW HITPOINT WARNING * * *
Pikel hits you with a +2 whip of freezing!
You die...
Pikel says, "See you in Hell!"

Skill      XL: |  1  2  3  4  5  6  7  8 |
---------------+-------------------------+-----
Stealth        | 2 3 |  3.6
Dodging        | 3 4 5 6 7 |  7.7
Spellcasting   | 4 5 6 |  6.0
Conjurations   | 4 5 6 |  6.0
Hexes          | 4 5 6 |  6.0
Summonings     | 4 5 6 |  6.0
Necromancy     | 4 5 6 |  6.0
Translocations | 4 5 6 |  6.0
Fire Magic     | 4 5 6 |  6.0
Ice Magic      | 4 5 6 |  6.0
Air Magic      | 4 5 6 |  6.0
Earth Magic    | 4 5 6 |  6.0
Alchemy        | 4 5 6 |  6.0

Action                     |  1- 3 |  4- 6 |  7- 9 || total
---------------------------+-------+-------+-------++-------
  Melee: Unarmed           |    11 |     5 |       ||    16
         Dagger            |       |     6 |     4 ||    10
         Morningstar       |       |       |     8 ||     8
   Cast: Foxfire           |    42 |    97 |    68 ||   207
         Scorch            |    13 |    22 |    31 ||    66
         Necrotise         |    13 |       |       ||    13
         Volatile Blastmot |     1 |       |       ||     1
         Flame Wave        |       |     1 |     3 ||     4
         Teleport Other    |       |       |     1 ||     1
  Evoke: Wand              |       |       |     5 ||     5
    Use: Scroll            |       |     8 |       ||     8
         Potion            |       |     3 |     1 ||     4
 Armour: Robe              |    19 |    22 |    31 ||    72
         Skin              |       |    13 |       ||    13
  Dodge: Dodged            |    18 |    24 |    50 ||    92

Levels and vault maps discovered:
D:1:      doesnt_arrival_eight_statues, layout_loops_ring
D:2:      minmay_kobold_bridge, layout_basic, serial_forest,
          infiniplex_forest_corner_2, infiniplex_forest_clump_medium,
          infiniplex_forest_lined_room_3, infiniplex_forest_clump_long,
          infiniplex_forest_clump_small, infiniplex_forest_lined_room_2,
          infiniplex_forest_straight_3
D:3:      minmay_recursive_quarters, layout_rooms, overflow_temple_1_default,
          minmay_cut_off, uniq_terence, uniq_jessica, uniq_robin
D:4:      layout_basic, minmay_temple_entry_sparse_star
D:5:      layout_rooms, kennysheep_mini_moat, old_standard_altar,
          gup_sewer_entry_bubbles, gammafunk_ghost_split, serial_shops, shop,
          uniq_blork_the_orc, uniq_crazy_yiuf_cottage
D:6:      black_bear_nest_2, layout_rooms, gammafunk_temple_overflow_forgotten,
          nicolae_wooded_promenade, ebering_dispersal_statue_hall,
          uniq_prince_ribbit1, uniq_duvessa, uniq_pikel
Temple:   minmay_freezing_vapour_temple

Notes
Turn   | Place    | Note
-------+----------+-------------------------------------------
     0 | D:1      | ytrimaz the Djinni Fire Elementalist began the quest for
                  | the Orb.
     0 | D:1      | ytrimaz set off with the following spells memorised:
                  | Foxfire, Scorch, Volatile Blastmotes, Inner Flame, Flame
                  | Wave.
     0 | D:1      | Reached XP level 1. HP: 15/15 MP: 0/0
     0 | D:1      | magus.rc [v1.9.6]
   372 | D:1      | Reached XP level 2. HP: 20/21 MP: 0/0
   462 | D:1      | Reached skill level 2 in Stealth
   642 | D:1      | Reached XP level 3. HP: 23/25 MP: 0/0
   642 | D:1      | Learned a level 1 spell: Necrotise
  1298 | D:2      | Reached skill level 3 in Dodging
  1354 | D:2      | Reached XP level 4. HP: 19/31 MP: 0/0
  1945 | D:3      | Noticed Terence
  1952 | D:3      | Noticed Jessica
  1954 | D:3      | Killed Terence
  1955 | D:3      | Reached XP level 5. HP: 26/35 MP: 0/0
  1955 | D:3      | Learned a level 2 spell: Lesser Beckoning
  1956 | D:3      | Killed Jessica
  2126 | D:3      | Reached skill level 3 in Stealth
  2248 | D:3      | Reached skill level 4 in Dodging
  2249 | D:3      | Reached XP level 6. HP: 37/40 MP: 0/0
  2298 | D:3      | Noticed Robin
  2314 | D:3      | Reached skill level 4 in Spellcasting
  2314 | D:3      | Reached skill level 4 in Conjurations
  2314 | D:3      | Reached skill level 4 in Hexes
  2314 | D:3      | Reached skill level 4 in Summonings
  2314 | D:3      | Reached skill level 4 in Necromancy
  2314 | D:3      | Reached skill level 4 in Translocations
  2314 | D:3      | Reached skill level 4 in Fire Magic
  2314 | D:3      | Reached skill level 4 in Ice Magic
  2314 | D:3      | Reached skill level 4 in Air Magic
  2314 | D:3      | Reached skill level 4 in Earth Magic
  2314 | D:3      | Reached skill level 4 in Alchemy
  2317 | D:3      | HP: 10/60 [goblin/+0 dagger[Robin] (4)]
  2326 | D:3      | Killed Robin
  2613 | D:3      | Found a burning altar of Makhleb.
  3008 | D:4      | Found a staircase to the Ecumenical Temple.
  3017 | Temple   | Entered the Ecumenical Temple
  3071 | Temple   | Became a worshipper of Ashenzari the Shackled
  3375 | D:4      | Noticed an ogre
  3379 | D:4      | Killed an ogre
  3380 | D:4      | Reached skill level 5 in Dodging
  3380 | D:4      | Reached XP level 7. HP: 42/45 MP: 0/0
  3380 | D:4      | Learned a level 3 spell: Teleport Other
  3914 | D:5      | Entered Level 5 of the Dungeon
  3914 | D:5      | Noticed Blork the orc
  3923 | D:5      | Killed Blork the orc
  4052 | D:5      | Found Sovisho's Antique Armour Shop.
  4136 | D:5      | Found a glowing drain.
  4149 | Sewer    | Entered a sewer
  4197 | Sewer    | HP: 6/45 [brain worm/psychic fangs (14)]
  4203 | Sewer    | Reached skill level 6 in Dodging
  4203 | Sewer    | Reached skill level 5 in Spellcasting
  4203 | Sewer    | Reached skill level 5 in Conjurations
  4203 | Sewer    | Reached skill level 5 in Hexes
  4203 | Sewer    | Reached skill level 5 in Summonings
  4203 | Sewer    | Reached skill level 5 in Necromancy
  4203 | Sewer    | Reached skill level 5 in Translocations
  4203 | Sewer    | Reached skill level 5 in Fire Magic
  4203 | Sewer    | Reached skill level 5 in Ice Magic
  4203 | Sewer    | Reached skill level 5 in Air Magic
  4203 | Sewer    | Reached skill level 5 in Earth Magic
  4203 | Sewer    | Reached skill level 5 in Alchemy
  4349 | Sewer    | Noticed Pargi
  4363 | Sewer    | Killed Pargi
  4364 | Sewer    | Reached XP level 8. HP: 35/50 MP: 0/0
  4554 | D:5      | Found a glowing golden altar of the Shining One.
  4573 | D:5      | Noticed Kaboulah's ghost (novice MDFi)
  4576 | D:5      | Found a runed translucent gate.
  4576 | D:5      | Found a runed translucent gate.
  4576 | D:5      | Found a runed translucent gate.
  4748 | D:5      | Found the +10 morningstar "Eos" {elec, Halo rElec}
  4756 | D:5      | Found a runed translucent door.
  4757 | D:5      | Noticed Crazy Yiuf
  4795 | D:5      | Found a shadowy altar of Dithmenos.
  4802 | D:5      | Reached skill level 7 in Dodging
  4843 | D:5      | Killed Crazy Yiuf
  4954 | D:6      | Noticed Prince Ribbit
  4955 | D:6      | Noticed Pikel
  5133 | D:6      | Killed Prince Ribbit
  5134 | D:6      | Reached skill level 6 in Spellcasting
  5134 | D:6      | Reached skill level 6 in Conjurations
  5134 | D:6      | Reached skill level 6 in Hexes
  5134 | D:6      | Reached skill level 6 in Summonings
  5134 | D:6      | Reached skill level 6 in Necromancy
  5134 | D:6      | Reached skill level 6 in Translocations
  5134 | D:6      | Reached skill level 6 in Fire Magic
  5134 | D:6      | Reached skill level 6 in Ice Magic
  5134 | D:6      | Reached skill level 6 in Air Magic
  5134 | D:6      | Reached skill level 6 in Earth Magic
  5134 | D:6      | Reached skill level 6 in Alchemy
  5136 | D:6      | HP: 11/50 [Pikel/+2 whip of freezing (3)]
  5137 | D:6      | Slain by Pikel

Vanquished Creatures
  Prince Ribbit (D:6)
  An ice beast (D:5)
  Pargi (Sewer)
  An ogre (D:4)
  4 lemures
  2 phantoms
  Blork the orc (D:5)
  A brain worm (Sewer)
  A howler monkey (D:5)
  A bombardier beetle (D:3)
  4 hounds (D:5)
  Crazy Yiuf (D:5)
  Terence (D:3)
  Jessica (D:3)
  An iguana (D:5)
  2 orc wizards (D:5)
  Robin (D:3)
  9 adders
  3 ribbon worms
  2 dart slugs
  4 orcs
  6 ball pythons
  7 bats
  7 endoplasms
  8 giant cockroaches
  15 goblins
  8 hobgoblins
  6 jackals
  13 kobolds
  6 quokkas
  5 frilled lizards
  8 rats
132 creatures vanquished.

Vanquished Creatures (others)
  345 foxfires
345 creatures vanquished.

Grand Total: 477 creatures vanquished

Table legend:
 A = Non-vault XP
 B = Vault XP
 C = Vault XP percentage of total XP
 D = Non-vault monster count
 E = Vault monster count
 F = Vault count percentage of total count
                 A         B        C        D         E       F
            +---------+---------+-------+---------+---------+-------
      Total |    1000 |     878 |  46.8 |      84 |      44 |  34.4
            +---------+---------+-------+---------+---------+-------
        D:1 |      44 |       0 |   0.0 |      25 |       0 |   0.0
        D:2 |      67 |       4 |   5.6 |      16 |       3 |  15.8
        D:3 |      45 |     192 |  81.0 |      12 |      23 |  65.7
        D:4 |     261 |       0 |   0.0 |      17 |       0 |   0.0
        D:5 |     583 |     168 |  22.4 |      14 |      10 |  41.7
        D:6 |       0 |     286 | 100.0 |       0 |       1 | 100.0
      Sewer |       0 |     228 | 100.0 |       0 |       7 | 100.0
            +---------+---------+-------+---------+---------+-------

Skill      XL: |  1  2  3  4  5  6  7  8 |
---------------+-------------------------+-----
Stealth        | 2 3 |  3.6
Dodging        | 3 4 5 6 7 |  7.7
Spellcasting   | 4 5 6 |  6.0
Conjurations   | 4 5 6 |  6.0
Hexes          | 4 5 6 |  6.0
Summonings     | 4 5 6 |  6.0
Necromancy     | 4 5 6 |  6.0
Translocations | 4 5 6 |  6.0
Fire Magic     | 4 5 6 |  6.0
Ice Magic      | 4 5 6 |  6.0
Air Magic      | 4 5 6 |  6.0
Earth Magic    | 4 5 6 |  6.0
Alchemy        | 4 5 6 |  6.0

Action                     |  1- 3 |  4- 6 |  7- 9 || total
---------------------------+-------+-------+-------++-------
  Melee: Unarmed           |    11 |     5 |       ||    16
         Dagger            |       |     6 |     4 ||    10
         Morningstar       |       |       |     8 ||     8
   Cast: Foxfire           |    42 |    97 |    68 ||   207
         Scorch            |    13 |    22 |    31 ||    66
         Necrotise         |    13 |       |       ||    13
         Volatile Blastmot |     1 |       |       ||     1
         Flame Wave        |       |     1 |     3 ||     4
         Teleport Other    |       |       |     1 ||     1
  Evoke: Wand              |       |       |     5 ||     5
    Use: Scroll            |       |     8 |       ||     8
         Potion            |       |     3 |     1 ||     4
 Armour: Robe              |    19 |    22 |    31 ||    72
         Skin              |       |    13 |       ||    13
  Dodge: Dodged            |    18 |    24 |    50 ||    92

Illustrated notes

Table legend:
 A = Kills in this place as a percentage of kills in the entire game.
 B = Kills by you in this place as a percentage of kills by you in the entire game.
 C = Kills by friends in this place as a percentage of kills by friends in the entire game.
 D = Other kills in this place as a percentage of other kills in the entire game.
 E = Experience gained in this place as a percentage of experience gained in the entire game.
 F = Experience gained in this place divided by the number of levels of this place that you have seen.
                   A       B       C       D       E      F
               +-------+-------+-------+-------+-------+----------------------
         Total | 100.0 | 100.0 |   N/A |   N/A | 100.0 | 234.8
       Dungeon |  94.5 |  94.5 |   N/A |   N/A |  87.9 | 275.0
         Sewer |   5.5 |   5.5 |   N/A |   N/A |  12.1 | 228.0
               +-------+-------+-------+-------+-------+----------------------

Table legend: (Time is in decaauts)
 A = Elapsed time spent in this place.
 B = Non-inter-level travel time spent in this place.
 C = Inter-level travel time spent in this place.
 D = Time resting spent in this place.
 E = Time spent auto-exploring this place.
 F = Levels seen in this place.
 G = Mean time per level.
                   A        B        C        D        E       F      G
               +--------+--------+--------+--------+--------+-----+--------+
         Total |   5123 |   4963 |    160 |    353 |   3706 |   8 |  640.4 |
       Dungeon |   4737 |   4581 |    156 |    353 |   3448 |   6 |  789.5 |
        Temple |     59 |     55 |      4 |      0 |      0 |   1 |   59.0 |
         Sewer |    326 |    326 |      0 |      0 |    258 |   1 |  326.0 |
               +--------+--------+--------+--------+--------+-----+--------+

Top non-repeatable levels by time:
     D:1: 1145 daAuts
     D:3: 965 daAuts
     D:4: 943 daAuts
     D:5: 868 daAuts
     D:2: 799 daAuts
   Sewer: 326 daAuts
  Temple: 59 daAuts
     D:6: 15 daAuts
